 Dungeon Crawl Stone Soup version 0.29-a0-512-gf59ac788ac (webtiles) character file.

Game seed: 13303394955864969017

205 Sabo the Grave Robber (level 5, -3/35 HPs)
             Began as a Demonspawn Necromancer on May 29, 2022.
             Killed by nerve-wracking pain
             ... invoked by an orc priest
              (7 damage)
             ... on level 4 of the Dungeon.
             The game lasted 00:18:40 (2747 turns).

Sabo the Grave Robber (Demonspawn Necromancer)      Turns: 2747, Time: 00:18:43

Health: -3/35      AC:  5    Str:  8    XL:     5   Next: 52%
Magic:  6/11       EV: 12    Int: 18    God:
Gold:   160        SH:  0    Dex: 14    Spells: 11/12 levels left

rFire   . . .      SeeInvis .   m - +4 quarterstaff (chaos)
rCold   . . .      Faith    .   (shield currently unavailable)
rNeg    . . .      Spirit   .   a - +0 robe
rPois   .          Reflect  .   c - +0 hat
rElec   .          Harm     .   n - +0 cloak
rCorr   .          Rampage  .   l - +1 pair of gloves {hurl}
Will    .....                   (no boots)
Stlth   ++........              (no amulet)
HPRegen 0.11/turn               (no ring)
MPRegen 0.12/turn               (no ring)

@: no status effects
A: antennae 2, demonic guardian 1
a: no special abilities


You were on level 4 of the Dungeon.
You visited 1 branch of the dungeon, and saw 4 of its levels.

You collected 160 gold pieces.

Inventory:

Hand Weapons
 d - a +0 long sword
 m - a +4 quarterstaff of chaos (weapon)
Armour
 a - a +0 robe (worn)
 c - a +0 hat (worn)
 l - a +1 pair of gloves of hurling (worn)
 n - a +0 cloak (worn)
Scrolls
 g - a scroll of magic mapping {unknown}
 h - a scroll of fog {unknown}
 i - a scroll of teleportation
 o - a scroll of poison {unknown}
Potions
 b - a potion of magic
 e - a potion of mutation {unknown}
 f - a potion of brilliance {unknown}
 j - a potion of curing {unknown}
 k - a potion of degeneration {unknown}


   Skills:
 + Level 0.1 Long Blades
 + Level 2.0 Dodging
 + Level 2.1 Stealth
 + Level 4.3 Spellcasting
 + Level 5.6 Necromancy


You had 11 spell levels left.
You knew the following spells:

 Your Spells              Type           Power      Damage    Failure   Level
a - Necrotize             Necr           96%        1d8       1%          1

Your spell library contained the following spells:

 Spells                   Type           Power      Damage    Failure   Level
 Vampiric Draining        Necr           24%        2d7       4%          3
 Animate Dead             Necr           24%        N/A       14%         4
 Agony                    Necr           24%        N/A       36%         5
 Ignite Poison            Fire/Tmut/Pois 3%         N/A       41%         3
 Mephitic Cloud           Conj/Pois/Air  3%         N/A       41%         3
 Freezing Cloud           Conj/Ice/Air   1%         6-21      99%         5
 Summon Forest            Summ/Tloc      1%         N/A       99%         5
 Summon Mana Viper        Hex/Summ       3%         N/A       99%         5
 Summon Cactus Giant      Summ           1%         N/A       100%        6


Dungeon Overview and Level Annotations

Branches:
Dungeon (4/15)             Temple (0/1) D:4

Altars:


Innate Abilities, Weirdness & Mutations

You have a pair of antennae on your head.
A weak demonic guardian rushes to your aid.


Message History

Your ufetubus hits the orc priest but does no damage.
The orc priest closely misses you.
Your ufetubus hits the orc priest but does no damage.
Your ufetubus hits the orc priest.
The orc priest hits your ufetubus with a +0 mace.
You hit the orc priest but do no damage.
The orc priest is severely wounded.
Your ufetubus hits the orc priest.
Your ufetubus hits the orc priest but does no damage.
The orc priest barely misses your ufetubus.
Your ufetubus hits the orc priest but does no damage. x2
The orc priest barely misses your ufetubus.
You hit the orc priest but do no damage.
The orc priest seems to speed up.
The orc priest is severely wounded.
Your ufetubus barely misses the orc priest.
Your ufetubus closely misses the orc priest.
The orc priest closely misses you.
Your ufetubus barely misses the orc priest.
Your ufetubus hits the orc priest.
The orc priest dies!
Your ufetubus completely misses the orc priest.
Your ufetubus barely misses the orc priest.
Casting: Necrotize (safe; 1% risk of failure)
Confirm with . or Enter, or press ? or * to list all spells.
Aiming: Necrotize (safe; 1% risk of failure)
Press: ? - help, Shift-Dir - straight line, f - orc priest
Aim: an orc priest, wielding a +0 hand axe and wearing a +0 leather armour (lightly wounded, ally target, chance to affect: 83%)
Your demonic guardian avoids your attack.
The orc priest writhes in agony.
Your ufetubus hits the orc priest. Your ufetubus misses the orc priest. x2
Your ufetubus closely misses the orc priest.
Unknown command.
You barely miss the orc priest.
The orc priest is moderately wounded.
Your ufetubus barely misses the orc priest.
Your ufetubus hits the orc priest.
The orc priest invokes the aid of Beogh against you.
Pain shoots through your body!
You die...

#..........................
#...<...####.......########
........†......###.#
#.......####...###.#
.....#### #...##..# )....#
#...##.## .....# #...##.#
.[...# #...#..# ###...
#####@#...# #... #5o#.###
#######)##.# ....(......#
##.#...........
#..##..#...##. #. ##..####
# ##. ..


You could see an orc priest (ally target) and a friendly ufetubus (summoned).

Vanquished Creatures
  Crazy Yiuf (D:3)
  A jelly (D:4)
  4 adders
  A worm (D:2)
  5 dart slugs
  4 orcs
  6 endoplasms
  2 giant cockroaches
  3 goblins
  3 hobgoblins (D:1)
  7 jackals
  7 kobolds
  3 quokkas
  A ball python (D:1)
  2 bats
  6 frilled lizards
  5 rats
61 creatures vanquished.

Vanquished Creatures (collateral kills)
  An orc priest (D:4)
  A bat (D:3)
  An endoplasm (D:1)
  A ball python (D:1)
  A frilled lizard (D:1)
5 creatures vanquished.

Vanquished Creatures (others)
  A fungus (D:3)
1 creature vanquished.

Grand Total: 67 creatures vanquished

Notes
Turn   | Place    | Note
-------+----------+-------------------------------------------
     0 | D:1      | Sabo the Demonspawn Necromancer began the quest for the
                  | Orb.
     0 | D:1      | Reached XP level 1. HP: 13/13 MP: 3/3
   178 | D:1      | Gained mutation: You have a pair of small antennae on your
                  | head. [demonic ancestry]
   178 | D:1      | Reached XP level 2. HP: 19/19 MP: 1/5
   322 | D:1      | Reached skill level 5 in Necromancy
   712 | D:1      | Gained mutation: You have a pair of antennae on your head.
                  | [demonic ancestry]
   712 | D:1      | Reached XP level 3. HP: 24/24 MP: 3/6
  1685 | D:3      | Gained mutation: A weak demonic guardian rushes to your
                  | aid. [demonic ancestry]
  1685 | D:3      | Reached XP level 4. HP: 30/30 MP: 6/8
  1778 | D:3      | Found a runed translucent door.
  2354 | D:3      | Noticed Crazy Yiuf
  2361 | D:3      | Killed Crazy Yiuf
  2626 | D:4      | Reached XP level 5. HP: 35/35 MP: 1/10
  2721 | D:4      | Found a staircase to the Ecumenical Temple.
  2747 | D:4      | Killed from afar by an orc priest

Illustrated notes

Levels and vault maps discovered:
D:1:      dpeg_arrival_fog, layout_rooms, grunt_decor_resistance
D:2:      layout_basic, ebering_ecumenical_altar_sacrificial
D:3:      layout_basic, minmay_diced_spiral, uniq_crazy_yiuf_cottage
D:4:      layout_rooms, minmay_temple_entry_wispy, minmay_bent

Skill      XL: |  1  2  3  4  5 |
---------------+----------------+-----
Necromancy     | 5 |  5.6
Dodging        | 2 |  2.0
Stealth        | 2 |  2.1
Spellcasting   | 3 4 |  4.3
Long Blades    | |  0.1

Action                   |  1- 3 |  4- 6 || total
-------------------------+-------+-------++-------
Melee: Dagger            |     1 |       ||     1
       Long sword        |    14 |     3 ||    17
       Quarterstaff      |       |     8 ||     8
 Cast: Necrotize         |    62 |    50 ||   112
  Use: Scroll            |       |     1 ||     1
Armor: Robe              |     2 |     5 ||     7
Dodge: Dodged            |    13 |    11 ||    24

Table legend: (Time is in decaauts)
 A = Elapsed time spent in this place.
 B = Non-inter-level travel time spent in this place.
 C = Inter-level travel time spent in this place.
 D = Time resting spent in this place.
 E = Time spent auto-exploring this place.
 F = Levels seen in this place.
 G = Mean time per level.
                   A        B        C        D        E       F      G
               +--------+--------+--------+--------+--------+-----+--------+
         Total |   2753 |   2753 |      0 |    671 |      0 |   4 |  688.2 |
       Dungeon |   2753 |   2753 |      0 |    671 |      0 |   4 |  688.2 |
               +--------+--------+--------+--------+--------+-----+--------+

Top non-repeatable levels by time:
     D:3: 996 daAuts
     D:1: 921 daAuts
     D:2: 573 daAuts
     D:4: 261 daAuts
